 Dungeon Crawl Stone Soup version 0.19-a0-1019-g9c6a58d (webtiles) character file.

799 AlphabetPasta the Sneak (level 7, -10/63 HPs)
             Began as a Naga Wanderer on July 25, 2016.
             Mangled by an ice beast (13 damage)
             ... on level 4 of the Dungeon.
             The game lasted 00:17:46 (3166 turns).

AlphabetPasta the Sneak (Naga Wanderer)             Turns: 3166, Time: 00:17:47

Health: -10/63     AC:  5    Str: 15    XL:     7   Next: 90%
Magic:  7/7        EV: 10    Int: 13    God:
Gold:   143        SH:  0    Dex: 11    Spells: 0 memorised, 6 levels left

rFire  . . .     SeeInvis +     a - +0 hand axe
rCold  . . .     Gourm    .     e - +1 robe
rNeg   . . .     Faith    .     (no shield)
rPois  +         Spirit   .     (no helmet)
rElec  .         Dismiss  .     (no cloak)
rCorr  .         Reflect  .     l - +0 pair of gloves
SustAt .         Harm     .     (no barding)
MR     +....                    (no amulet)
Stlth  +++.......               (no ring)
                                n - ring of protection from magic

@: very slow, somewhat resistant to hostile enchantments, fairly stealthy
A: see invisible, deformed body, poison resistance, slowness 2, slow metabolism
1, spit poison 2, AC +2
a: Spit Poison


You were on level 4 of the Dungeon.
You were not hungry.

You visited 1 branch of the dungeon, and saw 5 of its levels.

You collected 143 gold pieces.

Inventory:

Hand Weapons
 a - a +0 hand axe (weapon)
 b - a +3 hand crossbow
 f - a +0 dagger
Missiles
 c - 3 javelins of penetration (quivered)
 j - 7 javelins
 s - 5 bolts
Armour
 e - a +1 robe (worn)
 l - a +0 pair of gloves (worn)
Jewellery
 n - a ring of protection from magic (left hand)
Wands
 r - a wand of lightning (0/15)
Scrolls
 d - 2 scrolls of teleportation
 k - a scroll of enchant weapon
 o - 2 scrolls of identify
 p - a scroll of immolation {unknown}
 u - 3 scrolls of remove curse
 x - a scroll of enchant armour
Potions
 h - a potion of magic {unknown}
 m - 2 potions of haste {unknown}
 q - a potion of degeneration {unknown}
 t - 2 potions of flight {unknown}
 w - a potion of agility {unknown}
 A - 2 potions of mutation {unknown}
 B - a potion of might {unknown}
 C - 2 potions of heal wounds {unknown}
Comestibles
 g - 2 bread rations
 v - a meat ration
 z - 2 chunks of flesh


   Skills:
 + Level 3.7 Fighting
 * Level 4.2 Axes
 * Level 4.8 Crossbows
 + Level 2.9 Armour
 - Level 1.4 Dodging
 - Level 5.1 Stealth
   Level 1.0 Shields


You had 6 spell levels left.
You didn't know any spells.

Dungeon Overview and Level Annotations

Branches:
Dungeon (5/15)
 Temple: D:4-7

Altars:
Elyvilon


Innate Abilities, Weirdness & Mutations

You cannot wear boots.
Your serpentine skin is tough. (AC +2)
You have supernaturally acute eyesight. (SInv)
Armour fits poorly on your strangely shaped body.
Your system is resistant to poisons. (rPois)
You cover ground very slowly.
You have a slow metabolism.
You can spit poison.


Message History

The ice beast is heavily wounded.
The ice beast hits you.
* * * LOW HITPOINT WARNING * * *
The ice beast freezes you!
* * * LOW HITPOINT WARNING * * *
You hit the ice beast but do no damage.
The ice beast is heavily wounded.
The ice beast barely misses you.
You completely miss the ice beast.
The ice beast is heavily wounded.
The ice beast closely misses you.
You hit the ice beast but do no damage.
The ice beast is heavily wounded.
The ice beast hits you but does no damage.
You hit the ice beast but do no damage.
The ice beast is heavily wounded.
The ice beast hits you.
* * * LOW HITPOINT WARNING * * *
The ice beast freezes you!
You die...

##########
###########........#
#...........######.#
#.#.###### #.# ##
#..#<#######
#.############.
##.#........#
##.#............
..#.........#
##.#...######.##.
##.#.#####..#####.###..#
#.##. #.#.# #........@##
##.# #.#.# #.#.#
#.#.######Y###.## #..##
#.#.###.#.# #(.#..# ###.#
#.#..##.#.# #.#.#.# ##.
#.##.##.#.# ##(###.### #.
#.#...#.#.#####..(...... #.
#.......#.#.....>....... #.
##....(..#.#.###..###.###.#
## .........)............#
.#


You could see an ice beast.

Vanquished Creatures
  Edmund (D:4)
  A black bear (D:3)
  An ogre (D:4)
  2 scorpions (D:4)
  A centaur zombie (D:5)
  2 orc wizards
  4 orc priests (D:4)
  Natasha (thrice) (D:4)
  A worker ant (D:4)
  3 adders (D:4)
  An ooze (D:1)
  2 worms
  2 dart slugs (D:2)
  2 giant geckos
  9 orcs
  3 ball pythons
  7 bats
  2 giant cockroaches
  7 goblins
  4 hobgoblins
  2 jackals (D:3)
  A quokka (D:4)
  3 giant newts
  A jackal skeleton (D:4)
  5 kobolds (D:2)
  9 rats (D:2)
79 creatures vanquished.

Vanquished Creatures (others)
  A quokka (D:4)
1 creature vanquished.

Grand Total: 80 creatures vanquished

Notes
Turn   | Place    | Note
-------+----------+-------------------------------------------
     0 | D:1      | AlphabetPasta the Naga Wanderer began the quest for the Orb.
     0 | D:1      | AlphabetPasta set off with: a +2 hand crossbow, 28 bolts, a potion of lignification, a scroll of teleportation, a +0 robe, a +0 dagger, a bread ration
     0 | D:1      | Reached XP level 1. HP: 19/19 MP: 1/1
   158 | D:1      | Reached XP level 2. HP: 26/26 MP: 2/2
   600 | D:2      | Reached XP level 3. HP: 32/32 MP: 3/3
   649 | D:2      | Reached skill level 5 in Stealth
  1319 | D:3      | You fall through a shaft for 2 floors!
  1319 | D:5      | Entered Level 5 of the Dungeon
  1328 | D:5      | Reached skill level 1 in Axes
  1328 | D:5      | Reached XP level 4. HP: 16/39 MP: 4/4
  1505 | D:4      | Reached XP level 5. HP: 40/46 MP: 5/5
  1807 | D:3      | Noticed a black bear
  1814 | D:3      | Reached XP level 6. HP: 34/55 MP: 6/6
  1821 | D:3      | Killed a black bear
  2314 | D:4      | Noticed Edmund
  2323 | D:4      | Noticed Natasha
  2337 | D:4      | Killed Edmund
  2337 | D:4      | Reached XP level 7. HP: 34/62 MP: 7/7
  2352 | D:4      | Killed Natasha
  2626 | D:4      | Noticed Natasha
  2629 | D:4      | Killed Natasha
  2651 | D:4      | Noticed Natasha
  2658 | D:4      | Killed Natasha
  2752 | D:4      | Found a white marble altar of Elyvilon.
  3166 | D:4      | HP: 3/63 [ice beast (3)]
  3166 | D:4      | Mangled by an ice beast

Vault maps used:
D:1:      matt_arrival_diagonals, nrook_mini_vaults
D:2:      first_bread, hangedman_feature_mirror, serial_bayou_pond_c
D:4:      elyvilon_altar_4, uniq_edmund, uniq_natasha

Skill      XL: |  1  2  3  4  5  6  7 |
---------------+----------------------+-----
Crossbows      | 2 3 4 |  4.8
Stealth        | 5 |  5.1
Axes           | 1 2 3 4 |  4.2
Armour         | 2 |  2.9
Fighting       | 3 |  3.7
Dodging        | |  1.4
Shields        | |  1.0

Action                   |  1- 3 |  4- 6 |  7- 9 || total
-------------------------+-------+-------+-------++-------
Melee: Hand axe          |       |       |    23 ||    23
 Fire: Hand crossbow     |    68 |    55 |    39 ||   162
Throw: Javelin           |       |     1 |     2 ||     3
 Abil: Spit Poison       |    10 |     6 |     9 ||    25
Evoke: Wand              |       |     3 |     1 ||     4
  Use: Scroll            |     5 |     3 |       ||     8
       Potion            |       |     2 |     1 ||     3
  Eat: Chunk             |     1 |     1 |     3 ||     5
       Beef jerky        |       |     1 |       ||     1
Armor: Leather armour    |     2 |     7 |       ||     9
       Robe              |       |     1 |     6 ||     7
Dodge: Dodged            |    11 |    20 |    18 ||    49
